 Dungeon Crawl Stone Soup version 0.29.1-debian-1-gc3f1650bb9 (webtiles) character file.

Game seed: 13134692134381456816

7702 jlumianski the Cleaver (level 11, -9/84 HPs)
             Began as a Demonspawn Gladiator on Sept 12, 2022.
             Was a Believer of Qazlal.
             Mangled by a shadow (26 damage)
             ... on level 8 of the Dungeon.
             The game lasted 00:41:53 (12343 turns).

jlumianski the Cleaver (Demonspawn Gladiator)      Turns: 12343, Time: 00:41:54

Health: -9/84      AC: 20    Str: 18    XL:     11   Next: 0%
Magic:  15/15      EV: 10    Int: 10    God:    Qazlal [**....]
Gold:   787        SH:  3    Dex: 17    Spells: 10/10 levels left

rFire   + . .      SeeInvis .   a - +7 executioner's axe of Sinoj {freeze, rF+ rC- Dex+2}
rCold   x . .      Faith    .   (shield currently unavailable)
rNeg    . . .      Spirit   .   M - +0 plate armour
rPois   .          Reflect  .   c - +0 helmet
rElec   .          Harm     .   (no cloak)
rCorr   +          Rampage  .   K - +0 pair of gloves
Will    .....                   (no boots)
Stlth   ..........              (no amulet)
HPRegen 0.24/turn               E - +4 ring of protection
MPRegen 0.14/turn               h - ring of resist corrosion

@: no status effects
A: hooves 2, demonic guardian 2, ignite blood 1, sturdy frame 1
a: Renounce Religion, Upheaval


You were on level 8 of the Dungeon.
You worshipped Qazlal.
Qazlal was pleased with you.
You visited 1 branch of the dungeon, and saw 11 of its levels.
You also visited: Sewer.

You collected 787 gold pieces.

Inventory:

Hand Weapons
 a - the +7 executioner's axe of Sinoj (weapon) {freeze, rF+ rC- Dex+2}
   (You acquired it on level 8 of the Dungeon)

   It freezes those it strikes, dealing additional cold damage.
   It can also slow down cold-blooded creatures.
   Dex:       It affects your dexterity (+2).
   rF:        It protects you from fire.
   rC:        It makes you vulnerable to cold.
 t - a +1 dire flail of protection
 C - a +4 battleaxe
 G - a +1 broad axe
 Q - a +0 arbalest
Missiles
 d - 3 throwing nets
 e - a javelin (quivered)
 m - 7 poisoned darts
 D - 5 silver boomerangs
 P - a boomerang
Armour
 c - a +0 helmet (worn)
 K - a +0 pair of gloves (worn)
 M - a +0 plate armour (worn)
Jewellery
 h - a ring of resist corrosion (right hand)
 l - a ring of fire
 p - a ring of see invisible
 r - a ring of see invisible
 z - a ring of flight
 E - a +4 ring of protection (left hand)
 J - a ring of protection from cold
Wands
 B - a wand of digging (4)
 O - a wand of charming (6)
Scrolls
 f - a scroll of enchant weapon
 v - a scroll of fog
 w - a scroll of magic mapping
 H - 3 scrolls of teleportation
Potions
 b - a potion of flight
 g - a potion of brilliance
 i - a potion of resistance
 j - 2 potions of ambrosia
 k - 2 potions of might
 n - a potion of curing
 s - a potion of haste
 x - a potion of heal wounds
 F - a potion of cancellation


   Skills:
 + Level 7.2 Fighting
 + Level 10.1 Axes
 + Level 2.3 Throwing
 + Level 7.8 Armour
 + Level 6.4 Dodging
 + Level 1.6 Stealth
 + Level 6.0 Invocations
 + Level 4.7 Evocations


You had 10 spell levels left.
You didn't know any spells.
Your spell library contained the following spells:

 Spells                   Type           Power      Damage    Failure   Level
 Cigotuvi's Dreadful Rot  Necr/Pois/Air  0%         N/A       100%        2
 Sublimation of Blood     Necr           0%         N/A       100%        2
 Wereblood                Tmut           0%         N/A       100%        2
 Confusing Touch          Hex            0%         N/A       100%        3
 Kindle Blastsparks       Fire/Tloc/Air  0%         2d10      100%        3
 Dispel Undead            Necr           0%         3d6       100%        4
 Fulminant Prism          Conj/Hex       0%         3d6       100%        4
 Hailstorm                Conj/Ice       0%         3d3       100%        4
 Ice Form                 Ice/Tmut       0%         N/A       100%        4
 Iskenderun's Mystic Bla  Conj/Tloc      0%         2d3       100%        4
 Leda's Liquefaction      Hex/Erth       0%         N/A       100%        4
 Lee's Rapid Deconstruct  Erth           0%         3d5*      100%        5
 Yara's Violent Unravell  Hex/Tmut       0%         3d3       100%        5
 Death Channel            Necr           0%         N/A       100%        6
 Simulacrum               Ice/Necr       0%         N/A       100%        6
 Statue Form              Tmut/Erth      0%         N/A       100%        6
 Enfeeble                 Hex            0%         N/A       100%        7
 Summon Hydra             Summ           0%         N/A       100%        7


Dungeon Overview and Level Annotations

Branches:
Dungeon (11/15)            Temple (0/1) D:6            Lair (0/5) D:8
    Orc (0/2) D:9           Sewer (visited)

Altars:
Okawaru
Qazlal
Lugonu

Annotations:
D:4 Prince Ribbit
D:5 2 runed translucent doors, gebbletook2's ghost, novice VSFi
D:8 2 transporters


Innate Abilities, Weirdness & Mutations

You have hoof-like feet.
A demonic guardian rushes to your aid.
Your demonic aura sometimes causes spilled blood to erupt in flames.
Your movements are slightly less encumbered by armour. (ER -2)


Message History

Pain shoots through your body!
You have reached level 11!
Your demonic ancestry asserts itself...
Your guardian grows in power.
The phantom attacks as you move away!
The phantom hits you but does no damage.
The shadow slips into darkness.
The shadow flickers and vanishes!
Deactivating autopickup; reactivate with Ctrl-A.
The phantom attacks as you move away!
The phantom hits you but does no damage.
The orc priest mumbles some strange prayers to Beogh against you.
Beogh smites you!
* * * LOW HITPOINT WARNING * * *
The phantom attacks as you move away!
The phantom hits you but does no damage.
The shadow strikes at you from the darkness!
Reactivating autopickup.
The shadow attacks as you move away! You block the shadow's attack.
An orc zombie comes into view.
The shadow slips into darkness.
The shadow flickers and vanishes!
Deactivating autopickup; reactivate with Ctrl-A.
The orc priest begins to cast a cantrip, but forgets the words!
The shadow strikes at you from the darkness!
* * * LOW HITPOINT WARNING * * *
A demonic guardian appears!
Reactivating autopickup.
There is a stone staircase leading up, spattered with blood here.
Your orange demon stings the phantom!
Your orange demon hits the phantom!
The phantom looks weaker.
The shadow slips into darkness.
The shadow flickers and vanishes!
Deactivating autopickup; reactivate with Ctrl-A.
You climb upwards.
Level annotation: 2 transporters Reactivating autopickup.
There is a stone staircase leading down here.
The shadow strikes at you from the darkness!
You die...

..# #.....# ..# #.....# ..#
#.....# ..# #.....# .##
#.....#########
.#######'##........#######
..........#......#..#....#
......<...#......#..'....#
######....'.....@#..#...##
.....#....#.....>#####..#
.....#....################
.....#.....#.......#.....#
.....#.....#.......#.....#
.....+.....#.......#.....#
.....#.....#.......#.....#
.....#.....#.......#)....#
.....#....##..##.###....######


There were no monsters in sight!

Vanquished Creatures
  Pikel (D:4)
  A troll (D:10)
  A hornet (D:8)
  2 shadows
  A wyvern (D:7)
  9 yaks
  2 steam dragons
  Duvessa (D:6)
  An acid dragon (D:9)
  3 orc warriors
  An ogre (D:5)
  A centaur (D:7)
  A kobold brigand (D:9)
  4 phantoms
  4 bullfrogs (D:7)
  2 necrophages
  4 scorpions
  5 wights
  Dowan (D:6)
  3 killer bees
  A troll zombie (D:9)
  A howler monkey (D:9)
  2 hounds
  2 jellies
  2 gnoll boudas (D:7)
  9 orc wizards
  Ijyb (D:4)
  2 ogre zombies (D:9)
  Robin (D:3)
  3 river rats
  16 adders
  12 gnolls
  A white imp (D:8)
  An ufetubus (D:3)
  4 worms
  4 dart slugs
  31 orcs
  13 ball pythons
  4 endoplasms
  3 giant cockroaches
  16 goblins
  4 hobgoblins
  6 jackals
  5 bats
  7 frilled lizards
  2 goblin zombies (D:9)
  A hobgoblin zombie (D:9)
  10 kobolds
  6 orc zombies (D:9)
  7 rats
225 creatures vanquished.

Vanquished Creatures (collateral kills)
  Grinder (D:3)
  A wyvern (D:11)
  Edmund (D:4)
  2 orc wizards
  An orc (D:5)
6 creatures vanquished.

Vanquished Creatures (others)
  2 fungi (D:8)
  30 plants
32 creatures vanquished.

Grand Total: 263 creatures vanquished

Notes
Turn   | Place    | Note
-------+----------+-------------------------------------------
     0 | D:1      | jlumianski the Demonspawn Gladiator began the quest for the
                  | Orb.
     0 | D:1      | Reached XP level 1. HP: 16/16 MP: 1/1
    97 | D:1      | Reached skill level 3 in Axes
   148 | D:1      | Gained mutation: You have large cloven feet. [demonic
                  | ancestry]
   148 | D:1      | Reached XP level 2. HP: 22/22 MP: 2/2
   615 | D:1      | Gained mutation: A weak demonic guardian rushes to your
                  | aid. [demonic ancestry]
   615 | D:1      | Reached XP level 3. HP: 27/27 MP: 3/3
  1558 | D:3      | Noticed Robin
  1889 | D:2      | Gained mutation: Your movements are slightly less
                  | encumbered by armour. (ER -2) [demonic ancestry]
  1889 | D:2      | Reached XP level 4. HP: 28/33 MP: 4/4
  1933 | D:3      | Killed Robin
  2056 | D:4      | Reached skill level 4 in Axes
  2057 | D:4      | Found a glowing drain.
  2087 | D:4      | Reached skill level 1 in Armour
  2106 | Sewer    | Entered a sewer
  2388 | Sewer    | Reached XP level 5. HP: 38/39 MP: 5/5
  4235 | D:3      | Noticed Grinder
  4252 | D:3      | Killed Grinder
  4253 | D:3      | Reached skill level 5 in Axes
  4253 | D:3      | Gained mutation: You have hoof-like feet. [demonic
                  | ancestry]
  4253 | D:3      | Reached XP level 6. HP: 20/47 MP: 6/6
  4798 | D:4      | Found an iron altar of Okawaru.
  4811 | D:4      | Noticed Edmund
  4882 | D:3      | Reached XP level 7. HP: 31/52 MP: 7/7
  5419 | D:4      | Killed Edmund
  5703 | D:5      | Entered Level 5 of the Dungeon
  5785 | D:4      | Noticed Ijyb
  5793 | D:4      | Killed Ijyb
  5820 | D:4      | Reached skill level 6 in Axes
  5966 | D:5      | Reached skill level 1 in Stealth
  5979 | D:5      | Noticed Prince Ribbit
  6588 | D:5      | Gained mutation: Your demonic aura sometimes causes spilled
                  | blood to erupt in flames. [demonic ancestry]
  6588 | D:5      | Reached XP level 8. HP: 50/59 MP: 8/8
  7077 | D:5      | Found a stormy altar of Qazlal.
  7087 | D:5      | Became a worshipper of Qazlal Stormbringer
  7134 | D:5      | Found a large runed translucent door.
  7134 | D:5      | Found a large runed translucent door.
  7517 | D:5      | Noticed Pikel
  7568 | D:4      | Reached skill level 8 in Axes
  7568 | D:4      | Reached XP level 9. HP: 69/69 MP: 8/13
  7581 | D:4      | Killed Pikel
  7872 | D:5      | Noticed gebbletook2's ghost (novice VSFi)
  8366 | D:6      | Found a staircase to the Ecumenical Temple.
  8423 | D:6      | Noticed Duvessa
  8423 | D:6      | Noticed Dowan
  8428 | D:6      | Killed Duvessa
  8437 | D:6      | Killed Dowan
  9161 | D:7      | Reached * piety under Qazlal
  9162 | D:7      | Reached XP level 10. HP: 74/77 MP: 14/14
 10840 | D:8      | Found a staircase to the Lair.
 10863 | D:8      | Identified a scroll of acquirement
 10863 | D:8      | Acquired the +7 executioner's axe of Sinoj {freeze, rF+ rC-
                  | Dex+2}
 11042 | D:9      | Reached skill level 9 in Axes
 11094 | D:9      | You fall into a shaft and drop 2 floors!
 11105 | D:11     | Reached ** piety under Qazlal
 11126 | D:10     | Entered Level 10 of the Dungeon
 11457 | D:9      | Reached skill level 10 in Axes
 11728 | D:8      | Found a transporter.
 11732 | D:8      | Found a corrupted altar of Lugonu.
 11732 | D:8      | Found a transporter.
 11732 | D:8      | Noticed a purple ugly thing
 11736 | D:8      | Noticed a green ugly thing
 12317 | D:9      | Found a staircase to the Orcish Mines.
 12323 | D:9      | Gained mutation: A demonic guardian rushes to your aid.
                  | [demonic ancestry]
 12323 | D:9      | Reached XP level 11. HP: 32/84 MP: 15/15
 12343 | D:8      | Mangled by a shadow

Illustrated notes

Levels and vault maps discovered:
D:1:      dpeg_arrival_stone_temple_mockup, layout_basic
D:2:      layout_loops_ring, minmay_split_cup_small
D:3:      layout_basic, minmay_misc_feat_tiny, uniq_grinder, uniq_robin
D:4:      layout_rooms, mainiacjoe_overflow_boulevard, portal_sewer_entry_a,
          hangedman_abyss_or_decor_passed, uniq_edmund, uniq_ijyb
D:5:      layout_basic, grunt_qazlal_sundering, ebering_ghost_disaster_area,
          uniq_eustachio, uniq_prince_ribbit1, uniq_pikel
D:6:      layout_basic, minmay_temple_entry_trees, uniq_duvessa
D:7:      layout_layer_cave
D:8:      gammafunk_corrupted_shrine, layout_gridville,
          grunt_lair_entry_orc_guard_hut
D:9:      layout_cave_pools, zombieorc1_lemuel
D:10:     layout_irregular_city, mainiacjoe_overflow_catch_the_wave,
          fedhas_altar_fruit_tree, kennysheep_generic_room_14, uniq_harold
D:11:     layout_loops_ring

Skill      XL: |  1  2  3  4  5  6  7  8  9 10 |
---------------+-------------------------------+-----
Axes           | 3 4 5 6 8 10 | 10.1
Dodging        | 3 6 |  6.4
Armour         | 1 3 4 6 7 |  7.8
Fighting       | 3 6 7 |  7.2
Throwing       | 2 |  2.3
Stealth        | 1 |  1.6
Invocations    | 6 |  6.0
Evocations     | 4 |  4.7

Action                   |  1- 3 |  4- 6 |  7- 9 | 10-12 || total
-------------------------+-------+-------+-------+-------++-------
Melee: War axe           |   119 |   214 |   132 |       ||   465
       Punch             |     1 |     4 |     1 |       ||     6
       Kick              |    21 |    59 |    54 |    49 ||   183
       Broad axe         |       |       |    26 |       ||    26
       Battleaxe         |       |       |    45 |    83 ||   128
       Executioner's axe |       |       |       |    75 ||    75
Throw: Dart              |       |     8 |     5 |       ||    13
       Javelin           |       |       |     2 |       ||     2
  Use: Scroll            |     4 |     2 |     8 |     6 ||    20
       Potion            |     1 |     2 |     4 |       ||     7
 Stab: Sleeping          |     1 |       |       |       ||     1
       Distracted        |       |       |     2 |       ||     2
       Invisible         |       |       |     1 |       ||     1
Armor: Leather armour    |    31 |       |       |       ||    31
       Scale mail        |    25 |    89 |    78 |     4 ||   196
       Plate armour      |       |       |       |   110 ||   110
Dodge: Dodged            |   104 |   128 |   148 |    80 ||   460
Block: Other             |       |       |       |    15 ||    15
